 Dungeon Crawl Stone Soup version 0.30-a0-335-ge5acde7520 (webtiles) character file.

Game seed: 1562408899135258719

135 p00ps00p the Trooper (level 5, -8/51 HPs)
             Began as a Hill Orc Fighter on Oct 31, 2022.
             Mangled by a gnoll
             ... wielding a +0 halberd
              (10 damage)
             ... on level 2 of the Dungeon.
             The game lasted 00:03:39 (1064 turns).

p00ps00p the Trooper (Hill Orc Fighter)             Turns: 1064, Time: 00:03:40

Health: -8/51      AC:  8    Str: 19    XL:     5   Next: 18%
Magic:  5/5        EV:  9    Int:  8    God:
Gold:   100        SH:  4    Dex: 12    Spells: 4/4 levels left

rFire   . . .      SeeInvis .    a - +1 war axe
rCold   . . .      Faith    .    c - +0 buckler
rNeg    . . .      Spirit   .    b - +0 scale mail
rPois   .          Reflect  .    f - +0 helmet
rElec   .          Harm     .    (no cloak)
rCorr   +          Rampage  .    (no gloves)
Will    .....                    (no boots)
Stlth   ..........               (no amulet)
HPRegen 0.28/turn                l - ring of resist corrosion
MPRegen 0.09/turn                (no ring)

@: no status effects
A: no striking features
a: no special abilities


You were on level 2 of the Dungeon.
You visited 1 branch of the dungeon, and saw 2 of its levels.

You collected 100 gold pieces.

Inventory:

Hand Weapons
 a - a +1 war axe (weapon)
Missiles
 g - 10 stones (quivered)
 i - 3 poisoned darts
Armour
 b - a +0 scale mail (worn)
 c - a +0 buckler (worn)
 f - a +0 helmet (worn)
Jewellery
 l - a ring of resist corrosion (left hand)
Wands
 m - a wand of mindburst (15)
Scrolls
 e - a scroll of poison {unknown}
 j - 3 scrolls of identify
Potions
 d - a potion of might
 h - a potion of attraction
 k - a potion of curing {unknown}


   Skills:
 + Level 6.9 Fighting
 - Level 2.6 Axes
 - Level 3.2 Armour
 - Level 3.2 Shields


You had 4 spell levels left.
You didn't know any spells.
Your spell library contained the following spells:

 Spells                   Type           Power      Damage    Failure   Level
 Beastly Appendage        Tmut           0%         N/A       86%         1
 Wereblood                Tmut           0%         N/A       95%         2
 Spider Form              Tmut/Pois      0%         N/A       99%         3


Dungeon Overview and Level Annotations

Branches:
Dungeon (2/15)

Altars:

Shops:
D:1 [


Message History

The gnoll shouts!
The gnoll moves out of view.
A gnoll comes into view. It is wielding a +0 flail.
A gnoll comes into view. It is wielding a +0 flail.
The gnoll shouts!
The gnoll barely misses you.
You closely miss the gnoll. The gnoll hits you with a +0 halberd!
The gnoll hits you but does no damage.
You closely miss the gnoll. The gnoll hits you but does no damage.
A frilled lizard comes into view.
You barely miss the gnoll.
The frilled lizard hisses angrily.
The gnoll hits you but does no damage.
The frilled lizard unfolds its giant frill.
You barely miss the gnoll. The gnoll barely misses you.
The gnoll hits you but does no damage.
You slash the gnoll!
The gnoll is severely wounded.
The gnoll barely misses you. The gnoll hits you but does no damage.
The gnoll hits you from afar with a +0 halberd.
The gnoll hits you with a +0 flail.
You hit the gnoll.
The gnoll is severely wounded.
The gnoll misses you. The gnoll closely misses you.
You barely miss the gnoll.
The gnoll is severely wounded.
The gnoll hits you from afar with a +0 halberd!
The gnoll barely misses you.
You hit the gnoll.
The gnoll is almost dead.
The gnoll barely misses you. The gnoll hits you with a +0 flail!
The gnoll hits you with a +0 flail.
* * * LOW HITPOINT WARNING * * *
The gnoll closely misses you.
You slash the gnoll!
You kill the gnoll!
The gnoll hits you from afar with a +0 halberd!
* * * LOW HITPOINT WARNING * * *
The gnoll hits you with a +0 halberd!
You die...

#............
#............
#..).........
#......†.....
#............ #
#......)..... ...
#............
....l#######............
....ggg@................
.....################.#.
... #.#. # #.#. #.


You could see 3 gnolls and a frilled lizard.

Vanquished Creatures
  Natasha (twice) (D:2)
  A gnoll (D:2)
  3 adders (D:2)
  A worm (D:2)
  2 dart slugs (D:1)
  2 bats (D:1)
  3 endoplasms (D:1)
  2 giant cockroaches (D:1)
  5 hobgoblins
  3 jackals (D:1)
  2 quokkas
  2 ball pythons (D:2)
  6 frilled lizards
  A goblin (D:2)
  5 kobolds
  5 rats
45 creatures vanquished.

Notes
Turn   | Place    | Note
-------+----------+-------------------------------------------
     0 | D:1      | p00ps00p the Hill Orc Fighter began the quest for the Orb.
     0 | D:1      | Reached XP level 1. HP: 19/19 MP: 1/1
    38 | D:1      | Reached skill level 4 in Fighting
    98 | D:1      | Reached XP level 2. HP: 26/27 MP: 2/2
   300 | D:1      | Reached skill level 5 in Fighting
   300 | D:1      | Reached XP level 3. HP: 35/36 MP: 3/3
   376 | D:1      | Found Nunwenis's Armour Boutique.
   732 | D:2      | Found a faded altar of an unknown god.
   827 | D:2      | Noticed Natasha
   831 | D:2      | Killed Natasha
   832 | D:2      | Reached skill level 6 in Fighting
   832 | D:2      | Reached XP level 4. HP: 39/44 MP: 4/4
   950 | D:2      | Noticed Natasha
   955 | D:2      | Killed Natasha
  1030 | D:2      | Reached XP level 5. HP: 50/51 MP: 5/5
  1063 | D:2      | HP: 2/51 [gnoll/+0 halberd (12)]
  1064 | D:2      | Mangled by a gnoll

Illustrated notes

Levels and vault maps discovered:
D:1:      mrwooster_arrival_statue_3, layout_rooms, serial_shops,
          nicolae_shop_statue_plus, hangedman_decor_push
D:2:      layout_basic, basic_altar,
          hellmonk_ecumenical_altar_pennies_from_heaven, uniq_natasha

Skill      XL: |  1  2  3 |
---------------+----------+-----
Fighting       | 4 5 6 |  6.9
Axes           | |  2.6
Armour         | |  3.2
Shields        | |  3.2

Action                   |  1- 3 |  4- 6 || total
-------------------------+-------+-------++-------
Melee: War axe           |    92 |    30 ||   122
  Use: Scroll            |     4 |       ||     4
Armor: Scale mail        |    40 |    17 ||    57
Dodge: Dodged            |    56 |    16 ||    72
Block: Buckler           |    24 |     5 ||    29

Table legend: (Time is in decaauts)
 A = Elapsed time spent in this place.
 B = Non-inter-level travel time spent in this place.
 C = Inter-level travel time spent in this place.
 D = Time resting spent in this place.
 E = Time spent auto-exploring this place.
 F = Levels seen in this place.
 G = Mean time per level.
                   A        B        C        D        E       F      G
               +--------+--------+--------+--------+--------+-----+--------+
         Total |   1123 |   1102 |     21 |     46 |    598 |   2 |  561.5 |
       Dungeon |   1123 |   1102 |     21 |     46 |    598 |   2 |  561.5 |
               +--------+--------+--------+--------+--------+-----+--------+

Top non-repeatable levels by time:
     D:1: 650 daAuts
     D:2: 473 daAuts
